 Dungeon Crawl Stone Soup version 0.21-a0-94-gdd6ab6a (webtiles) character file.

86824 Kidiri the Eclecticist (level 15, -2/94 HPs)
             Began as a Deep Elf Fire Elementalist on July 1, 2017.
             Was the Champion of Vehumet.
             Slain by a sixfirhy (12 damage)
             ... summoned by an orc high priest
             ... on level 2 of the Orcish Mines.
             The game lasted 02:20:13 (33067 turns).

Kidiri the Eclecticist (DEFE)                      Turns: 33067, Time: 02:20:14

Health: -2/94      AC: 16    Str:  7    XL:     15   Next: 41%
Magic:  4/37       EV: 18    Int: 34    God:    Vehumet [******]
Gold:   669        SH: 11    Dex: 15    Spells: 2/47 levels left

rFire    + . .     SeeInvis .   J - +3 rapier (protect)
rCold    x . .     Gourm    .   O - +2 buckler
rNeg     . . .     Faith    .   M - +2 robe {MR+}
rPois    .         Spirit   .   v - +0 helmet
rElec    .         Reflect  +   k - +1 cloak {MR+}
rCorr    .         Harm     .   n - +3 pair of gauntlets of War {Slay+5}
MR       +++..                  I - +0 pair of boots {Stlth+}
Stlth    +++.......             j - +5 amulet of reflection
HPRegen  0.25/turn              h - ring "Ylacesch" {Fire Int+7}
MPRegen  0.25/turn              R - ring of flight

@: drained
A: icy blue scales 1, robust 1, shaggy fur 1, strong 1, wild magic 1
a: Renounce Religion, Evoke Flight


You were on level 2 of the Orcish Mines.
You worshipped Vehumet.
Vehumet was exalted by your worship.
You were not hungry.

You visited 4 branches of the dungeon, and saw 22 of its levels.
You also visited: Labyrinth.

You collected 1966 gold pieces.
You spent 1297 gold pieces at shops.

Inventory:

Hand Weapons
 u - the +11 war axe of Plog {chop, rPois MR+ Int-3 Dex+8}
   (You took it off an orc priest on level 2 of the Orcish Mines)

   It inflicts extra damage upon your enemies.
   It affects your intelligence (-3).
   It affects your dexterity (+8).
   It protects you from poison.
   It affects your resistance to hostile enchantments.
 J - a +3 rapier of protection (weapon)
Armour
 k - a +1 cloak of magic resistance (worn)
 n - the +3 pair of gauntlets of War (worn) {Slay+5}
   (You found it on level 3 of the Lair of Beasts)

   It affects your accuracy and damage with ranged weapons and melee attacks
   (+5).
 v - a +0 helmet (worn)
 I - a +0 pair of boots of stealth (worn)
 M - a +2 robe of magic resistance (worn)
 O - a +2 buckler (worn)
Jewellery
 h - the ring "Ylacesch" (left hand) {Fire Int+7}
   (You found it on level 6 of the Lair of Beasts)

   [ring of fire]

   It enhances your fire magic.
   It affects your intelligence (+7).
   It protects you from fire.
   It makes you vulnerable to cold.
 j - a +5 amulet of reflection (around neck)
 s - a +5 ring of intelligence
 t - a +6 ring of protection
 F - an uncursed ring of see invisible
 N - the ring of Ilocro Berphe {MP+9 Dex+4 Slay+2}
   (You acquired it on level 6 of the Dungeon)

   [ring of magical power]

   It affects your dexterity (+4).
   It affects your accuracy and damage with ranged weapons and melee attacks
   (+2).
   It affects your magic capacity (+9).
 Q - a +4 ring of dexterity
 R - a ring of flight (right hand)
Wands
 b - a wand of disintegration (16/24)
 A - a wand of lightning (4/15)
 S - a wand of iceblast (6/15)
 T - a wand of paralysis (14/24)
 U - a wand of polymorph (4/24)
Scrolls
 a - 2 scrolls of remove curse
 d - a scroll of fog
 f - 3 scrolls of teleportation
 m - a scroll of holy word
 B - 2 scrolls of amnesia
 C - a scroll of summoning
 E - 7 scrolls of recharging
 L - a scroll of torment
 P - 2 scrolls of fear
Potions
 e - 3 potions of flight
 i - 5 potions of agility
 l - a potion of haste
 o - 4 potions of curing
 p - 3 potions of cancellation
 q - 2 potions of brilliance
 r - 3 potions of ambrosia
 x - a potion of lignification
 K - 3 potions of might
Books
 V - a book of Flames

   Spells                             Type                      Level
   a - Flame Tongue                   Conjuration/Fire             1
   b - Throw Flame                    Conjuration/Fire             2
   c - Conjure Flame                  Conjuration/Fire             3
   d - Inner Flame                    Hexes/Fire                   3
   e - Sticky Flame                   Conjuration/Fire             4
   f - Fireball                       Conjuration/Fire             5
Comestibles
 c - 8 bread rations
 g - 22 chunks of flesh
 z - 7 meat rations


   Skills:
 + Level 7.1(6.3) Fighting
 + Level 8.5(7.6) Short Blades
 + Level 7.1(6.2) Armour
 - Level 10.0(9.1) Dodging
 - Level 2.4(1.6) Stealth
 + Level 2.9(2.2) Shields
 * Level 16.5(15.4) Spellcasting
 + Level 9.9(9.0) Conjurations
 + Level 10.6(9.6) Fire Magic
 + Level 8.2(7.3) Ice Magic
 + Level 6.5(5.7) Air Magic
 + Level 4.0(3.3) Earth Magic
 + Level 6.8(6.0) Poison Magic
 + Level 3.0(2.2) Evocations


You had 2 spell levels left.
You knew the following spells:

 Your Spells              Type           Power        Failure   Level  Hunger
a - Flame Tongue          Conj/Fire      #####        1%          1    None
b - Throw Flame           Conj/Fire      ######       1%          2    None
c - Conjure Flame         Conj/Fire      ########     1%          3    None
e - Ignite Poison         Fire/Tmut/Pois #######.     1%          3    None
f - Sticky Flame          Conj/Fire      ########     1%          4    None
g - Fireball              Conj/Fire      ########..   1%          5    None
h - Freezing Cloud        Conj/Ice/Air   #######...   5%          6    ##.....
i - Lightning Bolt        Conj/Air       #######...   1%          5    None
j - Lee's Rapid Deconstr  Erth           ######....   5%          5    None
k - Olgreb's Toxic Radia  Pois           ######..     1%          4    None
l - Orb of Destruction    Conj           #######...   13%         7    ####...


Dungeon Overview and Level Annotations

Branches:
Dungeon (13/15)            Temple (1/1) D:5            Lair (6/6) D:10
  Swamp (0/4) Lair:3        Snake (0/4) Lair:4        Slime (0/5) Lair:5
    Orc (2/2) D:12            Elf (0/3) Orc:2
 Vaults: D:13-14

Altars:
Ashenzari
Cheibriados
Dithmenos
Elyvilon
Fedhas
Gozag
Hepliaklqana
Kikubaaqudgha
Makhleb
Nemelex Xobeh
Okawaru
Qazlal
Ru
Sif Muna
Trog
Uskayaw
Vehumet
Wu Jian
Xom
Yredelemnul
Zin
The Shining One
Beogh
Jiyva

Shops:
D:6 [   Orc:1 =   Orc:2 :=

Annotations:
D:9 2 runed doors


Innate Abilities, Weirdness & Mutations

You are partially covered in icy blue scales. (AC +2)
You are robust. (+10% HP)
You are covered in fur. (AC +1)
Your muscles are strong. (Str +2)
Your spells are a little harder to cast, but a little more powerful.


Message History

Unknown command.
Evoke which item? (* to show all) (? for menu, Esc to quit)
Aiming: Disintegrate
Press: ? - help, Shift-Dir - straight line, f - orc high priest
Aim: an orc high priest, wielding a trident (heavily wounded, poisoned, chance to defeat MR: 41%)
The orc high priest is blasted.
This wand has 17 charges left.
You block the sixfirhy's attack.
Unknown command.
Evoke which item? (* to show all) (? for menu, Esc to quit)
Aiming: Disintegrate
Press: ? - help, Shift-Dir - straight line, f/p - orc high priest
Aim: an orc high priest, wielding a trident (almost dead, poisoned, chance to defeat MR: 41%)
The orc high priest resists with some effort.
This wand has 16 charges left.
You hear a shout!
The sixfirhy hits you but does no damage.
The sixfirhy hits you.
* * * LOW HITPOINT WARNING * * *
The sixfirhy shocks you!
You die...

... ......##8.8##.... ....
.......#.).#..... .....##
....)....).......
.......###........(.......
.8.....).###....)8.8...†.#
....[...)).###.)).)....# #
.....##)..o..##.).)...##.. ....
##.43).)....)......) ...
###.3@....8.8...... ##
#####...))....### ##
###########'########## ≈##
#....#...##.##...#.... ≈≈######
##'##.#...##.##...#.##' ≈≈≈#≈#≈##
#...#.##'###.###'##.#).
≈##≈≈≈≈P###...#....#..........#..
≈##≈≈≈...######.)..#.##'##....###
#####≈..#.##..#....#.#.[.#....#..


You could see a soul eater, an orc high priest, a sixfirhy and a red devil.

Vanquished Creatures
  An orc warlord (Orc:2)
  A minotaur (Lab)
  A fire dragon (D:12)
  An ettin (D:12)
  The ghost of Gorglomux the Severer, a journeyman HOGl of Okawaru (D:10)
  Harold (Lair:4)
  5 hydras
  8 two-headed ogres
  A centaur warrior (D:12)
  2 tengu warriors (D:12)
  6 death yaks
  An orc high priest (Orc:1)
  A shock serpent (shapeshifter) (D:12)
  Urug (Lair:4)
  An obsidian statue (Lair:3)
  6 orc knights
  Pikel (D:9)
  4 oklob plants
  A manticore (D:12)
  8 elephants
  3 orc sorcerers (Orc:2)
  A cyclops (D:11)
  2 black mambas (Lair:6)
  Psyche (D:9)
  17 spiny frogs
  A gargoyle (D:12)
  5 komodo dragons
  A yaktaur (D:12)
  2 tengu conjurers (D:11)
  6 trolls
  The ghost of Gorglomux the Cleaver, an amateur HOGl (D:4)
  6 polar bears
  5 hornets (Lair:6)
  13 slime creatures
  10 hippogriffs
  12 dream sheep
  23 blink frogs
  13 spriggans (Lair:6)
  A vampire (D:11)
  2 wraiths (D:10)
  4 wyverns
  31 yaks
  A human (D:10)
  10 basilisks
  4 hogs (D:10)
  Menkaure (D:6)
  2 vampire mosquitoes (D:12)
  A soldier ant (D:11)
  5 wargs
  3 nagas (Lair:4)
  20 water moccasins
  12 porcupines
  4 sky beasts
  4 black bears
  3 slaves (D:9)
  53 orc warriors
  5 phantoms
  5 ice beasts
  4 boggarts (Lair:6)
  A necrophage (D:12)
  2 eyes of draining
  32 wolves
  15 ogres
  5 centaurs
  11 crocodiles
  5 big kobolds
  A gnoll sergeant (D:8)
  21 bullfrogs
  A wyvern skeleton (D:10)
  5 scorpions
  A water moccasin skeleton (D:8)
  17 killer bees
  4 howler monkeys (D:7)
  An electric eel (Lair:3)
  2 bullfrog zombies
  A quasit (D:6)
  11 hounds
  33 orc priests
  11 jellies
  2 bullfrog skeletons
  A gnoll shaman (D:6)
  3 iguanas
  4 centaur skeletons
  15 worker ants
  18 orc wizards
  A hell rat (D:10)
  A killer bee zombie (D:6)
  15 adders
  13 gnolls
  A howler monkey skeleton (D:4)
  4 worker ant zombies
  A river rat (D:10)
  7 shadow imps
  18 oozes
  An adder zombie (D:6)
  2 adder skeletons
  3 worms
  2 dart slugs (D:2)
  12 leopard geckos
  127 orcs
  4 giant cockroaches
  9 goblins
  8 hobgoblins
  17 jackals
  32 kobolds
  11 quokkas
  4 ball pythons
  12 bats
  11 frilled lizards
  A jackal zombie (D:7)
  A quokka zombie (D:5)
  9 rats
  7 fungi
  4 plants
910 creatures vanquished.

Vanquished Creatures (others)
  A slave (D:9)
  An orc wizard (D:9)
  21 fungi
  8 plants
31 creatures vanquished.

Grand Total: 941 creatures vanquished

Notes
Turn   | Place    | Note
-------+----------+-------------------------------------------
     0 | D:1      | Kidiri the Deep Elf Fire Elementalist began the quest for the Orb.
     0 | D:1      | Reached XP level 1. HP: 10/10 MP: 6/6
   170 | D:1      | Reached XP level 2. HP: 15/15 MP: 8/8
   174 | D:1      | Learned a level 2 spell: Throw Flame
  1225 | D:2      | Reached XP level 3. HP: 19/19 MP: 10/10
  1360 | D:2      | Reached skill level 4 in Spellcasting
  1444 | D:2      | Learned a level 3 spell: Conjure Flame
  1448 | D:2      | Learned a level 3 spell: Inner Flame
  2161 | D:3      | Gained mutation: You are agile. (Dex +2) [potion of mutation]
  2161 | D:3      | Gained mutation: You are very agile. (Dex +4) [potion of mutation]
  2185 | D:3      | Reached XP level 4. HP: 22/24 MP: 5/12
  2320 | D:3      | Found a basalt altar of Yredelemnul.
  2320 | D:3      | Found an opulent altar of Gozag.
  2682 | D:3      | Lost mutation: You are very agile. (Dex +4) [potion of mutation]
  2682 | D:3      | Lost mutation: You are agile. (Dex +2) [potion of mutation]
  2682 | D:3      | Gained mutation: You are partially covered in icy blue scales. (AC +2) [potion of mutation]
  2682 | D:3      | Gained mutation: You are dopey. (Int -2) [potion of mutation]
  2682 | D:3      | Gained mutation: You are resistant to electric shocks. (rElec) [potion of mutation]
  2683 | D:3      | Lost mutation: You are resistant to electric shocks. (rElec) [potion of mutation]
  2683 | D:3      | Gained mutation: Your muscles are strong. (Str +2) [potion of mutation]
  2683 | D:3      | Gained mutation: You evolve. [potion of mutation]
  2683 | D:3      | Gained mutation: You passively map a small area around you. [potion of mutation]
  2914 | D:3      | Gained mutation: You have sharp fingernails. [evolution]
  2947 | D:3      | Reached skill level 5 in Spellcasting
  3049 | D:3      | Learned a level 4 spell: Sticky Flame
  3139 | D:4      | Noticed Gorglomux's ghost (amateur HOGl)
  3148 | D:4      | Killed Gorglomux's ghost
  3148 | D:4      | Reached skill level 6 in Spellcasting
  3148 | D:4      | Reached XP level 5. HP: 28/28 MP: 0/16
  3148 | D:4      | Reached XP level 6. HP: 32/32 MP: 0/17
  3155 | D:4      | Learned a level 5 spell: Fireball
  3638 | D:3      | Reached skill level 7 in Spellcasting
  3638 | D:3      | Reached skill level 5 in Fire Magic
  4005 | D:4      | Reached skill level 1 in Fighting
  4005 | D:4      | Reached XP level 7. HP: 38/38 MP: 11/19
  4111 | D:4      | Reached skill level 1 in Short Blades
  4111 | D:4      | Reached skill level 1 in Armour
  4514 | D:5      | Entered Level 5 of the Dungeon
  4756 | D:5      | Found a snail-covered altar of Cheibriados.
  4757 | D:5      | Found a stormy altar of Qazlal.
  4757 | D:5      | Found a deep blue altar of Sif Muna.
  4757 | D:5      | Found a glowing golden altar of the Shining One.
  4757 | D:5      | Found an iron altar of Okawaru.
  5039 | D:5      | Found an ancient bone altar of Kikubaaqudgha.
  5039 | D:5      | Found a sparkling altar of Nemelex Xobeh.
  5040 | D:5      | Found a hide-covered altar of Uskayaw.
  5214 | D:5      | Found a staircase to the Ecumenical Temple.
  5220 | Temple   | Entered the Ecumenical Temple
  5260 | Temple   | Gained mutation: You are very dopey. (Int -4) [evolution]
  5319 | Temple   | Became a worshipper of Vehumet
  5437 | D:5      | Reached skill level 8 in Spellcasting
  5515 | D:5      | Reached XP level 8. HP: 43/43 MP: 15/22
  6066 | D:6      | Identified a scroll of acquirement
  6067 | D:6      | Got a flickering bone ring
  6069 | D:6      | Identified the ring of Ilocro Berphe {MP+9 Dex+4 Slay+2} (You acquired it on level 6 of the Dungeon)
  6116 | D:6      | Noticed Menkaure
  6335 | D:6      | Killed Menkaure
  6335 | D:6      | Reached * piety under Vehumet
  6335 | D:6      | Offered knowledge of Freeze by Vehumet.
  6484 | D:6      | Found Kokyb's Antique Armour Boutique.
  6495 | D:6      | Bought a cloak for 103 gold pieces
  6560 | D:6      | Reached skill level 5 in Conjurations
  6788 | D:6      | Found a basalt altar of Yredelemnul.
  6872 | D:6      | Found a burning altar of Makhleb.
  6872 | D:6      | Noticed a balrug
  6880 | D:6      | Reached skill level 9 in Spellcasting
  6919 | D:6      | Noticed a smoke demon
  6919 | D:6      | Noticed an orange demon
  7571 | D:7      | Found a sacrificial altar of Ru.
  7580 | D:7      | Reached XP level 9. HP: 49/49 MP: 22/24
  7786 | D:7      | Offered knowledge of Searing Ray by Vehumet.
  7797 | D:7      | Reached ** piety under Vehumet
  7805 | D:7      | Got a crystal flail
  7806 | D:7      | Identified the +7 flail "Woocaunu" {crush, rPois rC+ MP-9 Int+2} (You found it on level 7 of the Dungeon)
  7938 | D:7      | Learned a level 2 spell: Searing Ray
  8095 | D:7      | Reached skill level 5 in Dodging
  8115 | D:7      | Gained mutation: Potions are less effective at restoring your health. [mutagenic meat]
  8117 | D:7      | Lost mutation: Potions are less effective at restoring your health. [mutagenic meat]
  8118 | D:7      | Gained mutation: You have large cloven feet. [mutagenic meat]
  8443 | D:8      | Reached skill level 10 in Spellcasting
  8482 | D:8      | Noticed a two-headed ogre
  8494 | D:8      | Killed a two-headed ogre
  8539 | D:9      | Noticed a fire dragon
  8541 | D:9      | Found a runed door.
  8541 | D:9      | Found a runed door.
  8541 | D:9      | Noticed an ice dragon
  8541 | D:9      | Noticed a fire dragon
  8546 | D:9      | Noticed Psyche
  8925 | D:8      | Reached XP level 10. HP: 47/56 MP: 13/26
  9137 | D:8      | Offered knowledge of Throw Frost by Vehumet.
  9145 | D:8      | Learned a level 2 spell: Throw Frost
  9268 | D:8      | Reached skill level 11 in Spellcasting
  9540 | D:8      | Reached *** piety under Vehumet
  9845 | D:8      | Noticed a two-headed ogre
  9857 | D:8      | Killed a two-headed ogre
  9857 | D:8      | Reached skill level 1 in Ice Magic
 10169 | D:9      | Killed Psyche
 10198 | D:9      | Noticed an ice dragon
 10241 | D:9      | Noticed Pikel
 10262 | D:9      | Killed Pikel
 10584 | D:9      | Reached skill level 5 in Short Blades
 10778 | D:9      | Reached skill level 12 in Spellcasting
 10786 | D:9      | Offered knowledge of Ignite Poison by Vehumet.
 10806 | D:9      | Learned a level 3 spell: Ignite Poison
 11277 | D:10     | Entered Level 10 of the Dungeon
 11277 | D:10     | Found a staircase to the Lair.
 11277 | D:10     | Noticed a death yak
 11277 | D:10     | Noticed a death yak
 11287 | D:10     | Noticed a two-headed ogre
 11301 | D:10     | Killed a two-headed ogre
 11301 | D:10     | Reached XP level 11. HP: 36/62 MP: 29/29
 11345 | D:10     | Noticed Gorglomux's ghost (journeyman HOGl)
 11648 | D:10     | Reached **** piety under Vehumet
 11845 | D:10     | Offered knowledge of Lightning Bolt by Vehumet.
 11853 | D:10     | Learned a level 5 spell: Lightning Bolt
 11983 | D:10     | Reached skill level 1 in Poison Magic
 12492 | D:10     | Noticed a death yak
 12538 | D:10     | Killed a death yak
 12548 | D:10     | Killed a death yak
 12548 | D:10     | Reached skill level 1 in Air Magic
 12937 | D:10     | Reached ***** piety under Vehumet
 12937 | D:10     | Offered knowledge of Iskenderun's Battlesphere by Vehumet.
 13529 | D:10     | HP: 1/62 [Gorglomux's ghost (15)]
 13560 | D:10     | HP: 2/62 [something (2)]
 13564 | D:10     | Killed Gorglomux's ghost
 13564 | D:10     | Reached skill level 13 in Spellcasting
 13984 | D:9      | Noticed a two-headed ogre
 14032 | D:9      | Killed a two-headed ogre
 14032 | D:9      | Reached skill level 5 in Fighting
 14186 | Lair:1   | Entered Level 1 of the Lair of Beasts
 14200 | Lair:1   | Learned a level 6 spell: Freezing Cloud
 14414 | Lair:1   | Reached XP level 12. HP: 67/68 MP: 24/31
 14712 | Lair:1   | Reached skill level 5 in Armour
 14906 | Lair:1   | Reached skill level 5 in Ice Magic
 14943 | Lair:1   | Gained mutation: You are agile. (Dex +2) [evolution]
 15997 | Lair:2   | Got an encrusted great sword
 15998 | Lair:2   | Identified the +0 great sword "Plog" {slice, Stlth+} (You found it on level 2 of the Lair of Beasts)
 17125 | Lair:3   | Found a staircase to the Swamp.
 17125 | Lair:3   | Noticed a five-headed hydra
 17714 | Lair:3   | Offered knowledge of Olgreb's Toxic Radiance by Vehumet.
 17894 | Lair:3   | Reached skill level 14 in Spellcasting
 18137 | Lair:3   | Learned a level 4 spell: Olgreb's Toxic Radiance
 19120 | Lair:3   | Killed a five-headed hydra
 19120 | Lair:3   | Reached XP level 13. HP: 73/73 MP: 8/33
 19528 | Lair:4   | Noticed Urug
 19548 | Lair:4   | Found a staircase to the Snake Pit.
 19556 | Lair:4   | Noticed Harold
 19886 | Lair:4   | Killed Harold
 20172 | Lair:4   | Killed Urug
 21953 | Lair:5   | Found a staircase to the Slime Pits.
 21953 | Lair:5   | Found a viscous altar of Jiyva.
 21959 | Lair:5   | Lost mutation: You passively map a small area around you. [potion of mutation]
 21959 | Lair:5   | Lost mutation: You are very dopey. (Int -4) [potion of mutation]
 21959 | Lair:5   | Lost mutation: You evolve. [potion of mutation]
 21959 | Lair:5   | Lost mutation: You are agile. (Dex +2) [potion of mutation]
 21959 | Lair:5   | Lost mutation: Your muscles are strong. (Str +2) [potion of mutation]
 21959 | Lair:5   | Gained mutation: You occasionally shout uncontrollably at your foes. [potion of mutation]
 21959 | Lair:5   | Gained mutation: Your muscles are strong. (Str +2) [potion of mutation]
 22449 | Lair:6   | Entered Level 6 of the Lair of Beasts
 22661 | Lair:6   | Reached skill level 5 in Poison Magic
 22765 | Lair:6   | Reached skill level 15 in Spellcasting
 22853 | Lair:6   | Offered knowledge of Lee's Rapid Deconstruction by Vehumet.
 23241 | Lair:6   | Learned a level 5 spell: Lee's Rapid Deconstruction
 23478 | Lair:6   | Reached XP level 14. HP: 62/80 MP: 14/35
 23687 | Lair:6   | Reached skill level 1 in Earth Magic
 23693 | Lair:6   | Reached skill level 5 in Air Magic
 23917 | Lair:6   | Paralysed by a hornet for 3 turns
 24234 | Lair:6   | Reached skill level 10 in Fire Magic
 24255 | Lair:6   | Offered knowledge of Orb of Destruction by Vehumet.
 24546 | Lair:6   | Got a clouded copper ring
 24818 | Lair:6   | Reached skill level 1 in Shields
 25060 | Lair:6   | Reached skill level 10 in Dodging
 25483 | Lair:1   | Identified the ring "Ylacesch" {Fire Int+7} (You found it on level 6 of the Lair of Beasts)
 26176 | D:11     | Gained mutation: You are covered in fur. (AC +1) [mutagenic meat]
 26178 | D:11     | Lost mutation: You have sharp fingernails. [mutagenic meat]
 26387 | D:11     | Lost mutation: You are dopey. (Int -2) [mutagenic meat]
 26388 | D:11     | Lost mutation: You occasionally shout uncontrollably at your foes. [mutagenic meat]
 26389 | D:11     | Gained mutation: Your spells are a little harder to cast, but a little more powerful. [mutagenic meat]
 26391 | D:11     | Gained mutation: You are robust. (+10% HP) [mutagenic meat]
 26392 | D:11     | Lost mutation: You have large cloven feet. [mutagenic meat]
 26984 | D:12     | Found a viscous altar of Jiyva.
 27122 | D:12     | Found a staircase to the Orcish Mines.
 27246 | D:12     | Reached skill level 1 in Evocations
 28161 | D:12     | Reached skill level 16 in Spellcasting
 28164 | D:12     | Found a roughly hewn altar of Beogh.
 28525 | D:12     | Learned a level 7 spell: Orb of Destruction
 29059 | D:12     | Reached XP level 15. HP: 77/93 MP: 11/37
 29378 | D:13     | Found a labyrinth entrance.
 29405 | Lab      | Entered a labyrinth
 29980 | Lab      | Identified Caekh's Collected Works on Aerial Changing
 29982 | Lab      | Got a faintly humming robe
 29997 | D:13     | Identified the +1 robe of the Orb Guardian {MR+} (You found it in a labyrinth)
 30361 | Orc:1    | Entered Level 1 of the Orcish Mines
 30522 | Orc:1    | Found Ipyjacwa's Jewellery Emporium.
 30551 | Orc:1    | Bought a +5 amulet of reflection for 576 gold pieces
 30963 | Orc:2    | Entered Level 2 of the Orcish Mines
 31195 | Orc:1    | Reached ****** piety under Vehumet
 31583 | Orc:2    | Found a roughly hewn altar of Beogh.
 31684 | Orc:2    | Found Qoxe's Jewellery Emporium.
 31688 | Orc:2    | Offered knowledge of Spellforged Servitor by Vehumet.
 31808 | Orc:2    | Bought a +5 ring of intelligence for 618 gold pieces
 31816 | Orc:2    | Found Qigaoc's Book Shoppe.
 32163 | Orc:2    | Got an iridescent war axe {chop}
 32252 | Orc:2    | Identified the +11 war axe of Plog {chop, rPois MR+ Int-3 Dex+8} (You took it off an orc priest on level 2 of the Orcish Mines)
 32265 | Orc:2    | Found a staircase to the Elven Halls.
 32979 | Orc:2    | Noticed an orc warlord
 32989 | Orc:2    | Killed an orc warlord
 33005 | Orc:2    | Offered knowledge of Bolt of Fire by Vehumet.
 33067 | Orc:2    | Slain by a sixfirhy

Vault maps used:
D:1:      minmay_arrival_stair_chambers, minmay_tromino_v4_a
D:2:      first_bread
D:3:      chequers_temple_overflow_statue_of_worship
D:5:      grunt_temple_overflow_open, minmay_temple_entry_grid
D:6:      makhleb_altar_promises_db, basic_altar, serial_shops, shop,
          serial_park_tiny_2, minmay_lizard_king, uniq_menkaure
D:7:      nicolae_ru_great_annihilating_truth
D:9:      minmay_guarded_unrand_resistance, uniq_pikel, uniq_psyche
D:10:     dpeg_lair_monsters, special_room, grunt_livestock
D:12:     minmay_sliced_demisemicircle, orc_0_dummy, special_room, jiyva_altar_1
D:13:     lab_entry_generic
Temple:   compressed_dpeg_circular_temple
Lair:1:   beast_lair_carwin_6, serial_bayou_shore_a
Lair:2:   lemuel_slime, st_stairs_8
Lair:3:   statuecave_lemuel, swamp_mist, serial_bayou_shore_b,
          minmay_lair_oklob_chamber
Lair:4:   dpeg_oklob_gauntlet, guppyfry_snake_entry_island, uniq_urug,
          uniq_harold
Lair:5:   slime_altar_1
Lair:6:   minmay_lair_end_enchanted_forest, serial_bayou_pond_a,
          kennysheep_basilisk_garden
Orc:1:    serial_shops, nicolae_shop_statue_plus
Orc:2:    pubby_orc_utopia
Lab:      labyrinth_spiral

Skill      XL: |  1  2  3  4  5  6  7  8  9 10 11 12 13 14 15 |
---------------+----------------------------------------------+-----
Conjurations   | 2 3 4 5 6 7 8 9 |  9.9
Spellcasting   | 4 6 7 8 9 10 12 13 14 15 16 | 16.5
Fire Magic     | 4 5 6 7 8 9 10 | 10.6
Fighting       | 1 2 3 4 5 6 7 |  7.1
Short Blades   | 1 3 4 5 6 7 8 |  8.5
Armour         | 1 2 3 4 5 6 7 |  7.1
Dodging        | 3 4 5 6 7 8 9 10 | 10.0
Ice Magic      | 3 4 6 7 8 |  8.2
Poison Magic   | 2 4 5 6 |  6.8
Air Magic      | 2 3 4 6 |  6.5
Earth Magic    | 3 4 |  4.0
Shields        | 2 |  2.9
Evocations     | 2 3 |  3.0
Stealth        | |  2.4

Action                   |  1- 3 |  4- 6 |  7- 9 | 10-12 | 13-15 || total
-------------------------+-------+-------+-------+-------+-------++-------
Melee: Dagger            |    24 |    46 |    45 |       |       ||   115
       Flail             |       |       |    29 |   101 |    67 ||   197
       Rapier            |       |       |       |   271 |   628 ||   899
 Cast: Flame Tongue      |    65 |    68 |   186 |   271 |    46 ||   636
       Throw Flame       |     2 |     5 |    19 |    25 |     3 ||    54
       Conjure Flame     |       |     2 |    10 |    22 |    11 ||    45
       Inner Flame       |       |     1 |    10 |     8 |       ||    19
       Sticky Flame      |       |     4 |    30 |    79 |    79 ||   192
       Fireball          |       |       |     2 |    19 |     4 ||    25
       Searing Ray       |       |       |       |     2 |       ||     2
       Lightning Bolt    |       |       |       |    35 |    21 ||    56
       Freezing Cloud    |       |       |       |     8 |    39 ||    47
       Ignite Poison     |       |       |       |       |   123 ||   123
       Olgreb's Toxic Ra |       |       |       |       |    72 ||    72
       Lee's Rapid Decon |       |       |       |       |     1 ||     1
       Orb of Destructio |       |       |       |       |     2 ||     2
 Abil: Evoke Flight      |       |       |       |     1 |     1 ||     2
Evoke: Wand              |       |       |       |       |     2 ||     2
  Use: Scroll            |     5 |     8 |     6 |    18 |    13 ||    50
       Potion            |     1 |     4 |       |     7 |     4 ||    16
 Stab: Sleeping          |     6 |     1 |     4 |     5 |    10 ||    26
       Paralysed         |       |       |     2 |       |       ||     2
       Distracted        |       |       |       |       |     4 ||     4
  Eat: Chunk             |     4 |     7 |    26 |    17 |    37 ||    91
       Royal jelly       |       |       |       |     9 |     1 ||    10
       Fruit             |       |       |       |     4 |     2 ||     6
       Bread ration      |       |       |       |     1 |     4 ||     5
Armor: Robe              |    10 |    26 |    55 |    72 |   128 ||   291
       Skin              |       |    28 |       |       |       ||    28
       Leather armour    |       |       |       |    53 |    90 ||   143
Dodge: Dodged            |    50 |    63 |   130 |   386 |   497 ||  1126
Block: Other             |       |       |    12 |    50 |    15 ||    77
       Reflection        |       |       |     3 |       |     9 ||    12
       Buckler           |       |       |       |       |   281 ||   281
